 Seeded DCSS version 0.30.0-19-g36f170ea60 (webtiles) character file.

Game seed: 10116234384956003566 (custom seed)

32004 bmack86 the Severer (level 13, -9/125 HPs)
             Began as a Minotaur Fighter on May 29, 2023.
             Was an Initiate of Gozag.
             Mangled by a minotaur
             ... wielding the staff of poison "Puil" {rPois Str+7}
              (23 damage)
             ... in a Gauntlet.
             The game lasted 00:46:54 (13166 turns).

bmack86 the Severer (Minotaur Fighter)             Turns: 13166, Time: 00:46:55

Health: -9/125     AC: 24    Str: 25    XL:     13   Next: 29%
Magic:  12/12      EV:  9    Int:  5    God:    Gozag
Gold:   973        SH: 13    Dex: 14    Spells: 12/12 levels left

rFire   + . .        F - +1 broad axe
rCold   . . .        s - +2 kite shield
rNeg    + . .        p - +4 scale mail {Will+}
rPois   +            S - +0 hat
rElec   +            x - scarf {repulsion}
rCorr   +            k - +2 pair of gloves {Dex+3}
SInv    .            J - +2 pair of boots
Will    +....        R - amulet of Qaptoopu {Acrobat rC- rN+ Regen+} Stlth
                     N - +4 ring of protection
HPRegen 1.20/turn    P - ring of resist corrosion
MPRegen 0.13/turn

%: no teleportation, repel missiles, acrobat
@: mighty, lethally poisoned (-9 -> -9), resistant, hasted, studying Long
Blades, very quick
A: horns 2, retaliatory headbutt
a: Renounce Religion, Potion Petition, Call Merchant, Bribe Branch


You were in a Gauntlet.
You worshipped Gozag.
Gozag was pleased with you.
You visited 2 branches of the dungeon, and saw 15 of its levels.
You also visited: Sewer and Gauntlet.

You collected 4603 gold pieces.
You spent 1080 gold pieces at shops.
You paid 2550 gold pieces to Gozag.

Inventory:

Hand Weapons
 a - a +0 war axe
 F - a +1 broad axe (weapon)
 H - a +0 hand axe of flaming
Missiles
 i - 10 javelins
 u - 13 curare-tipped darts
 y - 9 boomerangs (quivered)
Armour
 c - a +0 buckler
 e - a +0 plate armour
 k - a +2 pair of gloves of dexterity (worn)
 p - a +4 scale mail of willpower (worn)
 s - a +2 kite shield (worn)
 x - a scarf of repulsion (worn)
 B - a +0 cloak
 J - a +2 pair of boots (worn)
 S - a +0 hat (worn)
Jewellery
 g - an amulet of regeneration
 m - a ring of fire
 C - a +6 ring of intelligence
 N - a +4 ring of protection (left hand)
 P - a ring of resist corrosion (right hand)
 Q - a ring of fire
 R - an amulet of Qaptoopu (around neck) {Acrobat rC- rN+ Regen+}
   (You found it in a Gauntlet)

   [amulet of the acrobat]

   It increases your evasion while moving and waiting.
   rC:        It makes you vulnerable to cold.
   rN:        It protects you from negative energy.
   Regen:     It increases your rate of health regeneration.
Wands
 b - a wand of paralysis (9)
 D - a wand of mindburst (25)
 G - a wand of digging (7)
 I - a wand of flame (64)
Scrolls
 h - 4 scrolls of amnesia
 j - 5 scrolls of fear
 r - 4 scrolls of fog
 v - 5 scrolls of teleportation
 z - 3 scrolls of blinking
 L - a scroll of magic mapping
Potions
 d - 3 potions of magic
 f - a potion of lignification
 l - 5 potions of brilliance
 n - 4 potions of curing
 o - 4 potions of haste
 q - 2 potions of invisibility
 t - 3 potions of cancellation
 w - 5 potions of mutation
 A - 3 potions of attraction
 E - 4 potions of heal wounds
 K - a potion of experience {unknown}
 M - a potion of flight {unknown}
 O - a potion of might


   Skills:
 + Level 14.8 Fighting
 - Level 18.0 Axes
 + Level 11.9 Armour
 - Level 10.0 Shields


You had 12 spell levels left.
You didn't know any spells.
Your spell library contained the following spells:

 Spells                   Type           Power      Damage    Failure   Level
 Kiss of Death            Conj/Necr      0%         2d5       87%         1
 Magic Dart               Conj           0%         1d3       87%         1
 Shock                    Conj/Air       0%         1d3       87%         1
 Blink                    Tloc           0%         N/A       95%         2
 Ensorcelled Hibernation  Hex/Ice        0%         N/A       95%         2
 Lesser Beckoning         Tloc           0%         N/A       95%         2
 Momentum Strike          Conj/Tloc      0%         3d8       95%         2
 Searing Ray              Conj           0%         2d4       95%         2
 Call Canine Familiar     Summ           0%         N/A       99%         3
 Confusing Touch          Hex            0%         N/A       99%         3
 Portal Projectile        Hex/Tloc       0%         N/A       99%         3
 Spider Form              Tmut/Pois      0%         N/A       99%         3
 Tukima's Dance           Hex            0%         N/A       99%         3
 Vhi's Electric Charge    Tloc/Air       0%         N/A       99%         3
 Anguish                  Hex/Necr       0%         N/A       100%        4
 Dispel Undead            Necr           0%         3d6       100%        4
 Fulminant Prism          Conj/Hex       0%         3d5       100%        4
 Leda's Liquefaction      Hex/Erth       0%         N/A       100%        4
 Passage of Golubria      Tloc           0%         N/A       100%        4
 Arcjolt                  Conj/Air       0%         1d10      100%        5
 Yara's Violent Unravell  Hex/Tmut       0%         3d3       100%        5
 Plasma Beam              Fire/Air       0%         2x1d11    100%        6
 Maxwell's Capacitive Co  Air            0%         ∞         100%        8


Dungeon Overview and Level Annotations

Branches:
Dungeon (14/15)            Temple (1/1) D:5            Lair (0/5) D:11
    Orc (0/2) D:11          Sewer (visited)         Gauntlet (1/1)
 Vaults: D:13-14

Altars:
Ashenzari
Cheibriados
Dithmenos
Elyvilon
Fedhas
Gozag
Hepliaklqana
Kikubaaqudgha
Makhleb
Nemelex Xobeh
Okawaru
Qazlal
Ru
Sif Muna
Trog
Uskayaw
Vehumet
Wu Jian
Xom
Yredelemnul
Zin
The Shining One

Shops:
D:1 [   D:3 *   D:5 [   D:11 (   D:13 *   D:14 **

Portals:
Trove: D:12 (give 6 scrolls of blinking)

Annotations:
Gauntlet 10 transporters


Innate Abilities, Weirdness & Mutations

You have a pair of horns on your head.
You reflexively headbutt those who attack you in melee.


Message History

The minotaur throws a javelin.
The javelin completely misses you.
The minotaur throws a javelin.
The javelin completely misses you.
The minotaur throws a javelin.
The javelin closely misses you.
The minotaur drinks a potion.
The minotaur seems to grow stronger.
The minotaur barely misses you.
The minotaur gores you but does no damage.
The minotaur hits you with the staff of poison "Puil" {rPois Str+7}!!
The minotaur gores you.
The minotaur throws a javelin.
The javelin misses you. The minotaur barely misses you.
The minotaur closely misses you.
The minotaur hits you with the staff of poison "Puil" {rPois Str+7}!!!
The minotaur envenoms you.
You are poisoned.
The minotaur gores you but does no damage.
You hit the minotaur but do no damage.
You feel sick.
The minotaur hits you with the staff of poison "Puil" {rPois Str+7}!
The minotaur envenoms you.
* * * LOW HITPOINT WARNING * * *
You are more poisoned.
You block the minotaur's attack.
You feel sick. The minotaur misses you. You furiously retaliate!
You headbutt the minotaur, but do no damage.
The minotaur gores you but does no damage.
Unknown command.
Okay, then. [a] - 725 gold - heal wounds, resistance, might and haste [b] - 224 gold - might and brilliance [c] - 448 gold - heal wounds, curing and magic Purchase which effect?
You no longer have enough gold to fund merchants seeking to open stores in the dungeon.
You feel much better.
You feel protected.
You feel very mighty all of a sudden.
You feel yourself speed up.
You feel sick.
The minotaur hits you with the staff of poison "Puil" {rPois Str+7}!!!
* * * LOW HITPOINT WARNING * * *
The minotaur envenoms you.
* * * LOW HITPOINT WARNING * * *
The minotaur gores you!!
You die...
Your body crumbles into a pile of gold.

#8#. ###.
#. #.
#####.
#≈8≈#.
######
###...#.
####....#
..#.8.##
#@...####
#.#.....
#.H###
#.#.8.##
#.#....#
#.#...#.
#.#.####
#.#.8.#.
#.#.#
#.#...#≈
#.#.. $
#...8.#∩
#.#.#
#.#...#≈
#.#.#
#.#.8.#.
#.#..
#.#...#.


You could see a minotaur (strong).

Vanquished Creatures
  The ghost of olmar the Basher, a journeyman AtFi of Gozag (D:12)
  Snorg (D:11)
  A ghost crab (Gauntlet)
  2 centaur warriors (D:13)
  3 boulder beetles
  3 two-headed ogres
  The ghost of jasper the Geomancer, a journeyman SpEE of Kikubaaqudgha (D:11)
  Lodul (D:11)
  A death drake (Gauntlet)
  A deep elf pyromancer (D:13)
  An orc knight (D:11)
  Pikel (D:4)
  2 cyclopes
  An ugly thing (D:12)
  A spectral centaur (Gauntlet)
  3 manticores
  Joseph (D:8)
  Maurice (D:8)
  A rust devil (Gauntlet)
  2 gargoyles (D:10)
  Maggie (D:8)
  2 rime drakes (D:12)
  An unseen horror (D:12)
  A komodo dragon (D:10)
  A spectral redback (Gauntlet)
  2 ice devils (D:12)
  7 trolls
  Grinder (D:5)
  Prince Ribbit (D:5)
  A culicivora (shapeshifter) (D:14)
  A wyvern (D:9)
  A ynoxinul (Gauntlet)
  2 vampires
  2 wraiths (D:12)
  5 centaur simulacra (D:12)
  27 yaks
  10 humans (D:10)
  5 vampire mosquitoes
  2 steam dragons
  3 acid dragons
  2 sky beasts
  2 water moccasins
  4 orc warriors
  2 meliai simulacra
  A black bear (D:5)
  An ice beast (D:5)
  3 wolves
  9 ogres
  18 centaurs
  2 lemures (D:4)
  2 phantoms
  5 bullfrogs
  5 kobold brigands
  A gnoll sergeant (D:7)
  6 scorpions
  6 howler monkeys
  8 hounds
  2 jellies (D:7)
  6 orc priests
  A sleepcap (D:6)
  3 iron imps (Gauntlet)
  7 orc wizards
  5 iguanas
  2 boggart simulacra (D:12)
  14 gnolls
  8 adders
  5 river rats
  A shadow imp (D:7)
  2 white imps
  7 worms
  32 orcs
  4 bats
  5 endoplasms
  7 giant cockroaches
  9 goblins
  6 hobgoblins
  3 jackals (D:10)
  25 kobolds
  2 quokkas (D:1)
  9 ball pythons
  4 frilled lizards
  9 rats
360 creatures vanquished.

Vanquished Creatures (others)
  A water elemental (D:11)
  A wolf (D:11)
  A centaur (D:11)
  A sleepcap (D:7)
  An orc (D:7)
5 creatures vanquished.

Grand Total: 365 creatures vanquished

Notes
Turn   | Place    | Note
-------+----------+-------------------------------------------
     0 | D:1      | bmack86 the Minotaur Fighter began the quest for the Orb.
     0 | D:1      | Reached XP level 1. HP: 19/19 MP: 0/0
    84 | D:1      | Reached skill level 3 in Axes
   143 | D:1      | Reached XP level 2. HP: 26/26 MP: 1/1
   510 | D:1      | Found Wyroumnu's Armour Shop.
   917 | D:2      | Reached skill level 4 in Axes
   917 | D:2      | Reached XP level 3. HP: 14/31 MP: 2/2
  1069 | D:2      | Reached skill level 5 in Axes
  1097 | D:2      | Reached XP level 4. HP: 39/39 MP: 3/3
  1104 | D:2      | Found a faded altar of an unknown god.
  1222 | D:2      | You fall into a shaft and drop 2 floors!
  1251 | D:4      | Reached skill level 6 in Axes
  1262 | D:4      | Found a glowing drain.
  1291 | Sewer    | Entered a sewer
  1301 | Sewer    | Reached XP level 5. HP: 40/45 MP: 4/4
  1438 | Sewer    | Reached skill level 7 in Axes
  1504 | Sewer    | Reached XP level 6. HP: 51/51 MP: 5/5
  1705 | D:3      | Reached skill level 8 in Axes
  2194 | D:3      | Found Amishr Acwinn's Assorted Antiques.
  2200 | D:3      | Bought a robe for 18 gold pieces
  2200 | D:3      | Bought a scroll labelled FOUCSA PUNIC for 27 gold pieces
  2511 | D:4      | Noticed a sky beast
  2517 | D:4      | Killed a sky beast
  2518 | D:4      | Reached skill level 9 in Axes
  2518 | D:4      | Reached XP level 7. HP: 54/57 MP: 6/6
  2929 | D:4      | Found an iron altar of Okawaru.
  2946 | D:4      | Noticed Pikel
  2963 | D:4      | Killed Pikel
  2964 | D:4      | Reached skill level 11 in Axes
  3008 | D:4      | Found a blossoming altar of Fedhas.
  3066 | D:5      | Entered Level 5 of the Dungeon
  3094 | D:5      | Reached XP level 8. HP: 61/64 MP: 7/7
  3222 | D:5      | Noticed Grinder
  3224 | D:5      | Paralysed by Grinder for 5 turns
  3240 | D:5      | Killed Grinder
  3241 | D:5      | Reached skill level 12 in Axes
  3322 | D:5      | Found Xaivai's Armour Emporium.
  3360 | D:5      | Found a glowing silver altar of Zin.
  3400 | D:5      | Reached skill level 13 in Axes
  3407 | D:5      | Found a staircase to the Ecumenical Temple.
  3458 | Temple   | Entered the Ecumenical Temple
  3497 | Temple   | Became a worshipper of Gozag Ym Sagoz the Greedy
  3626 | D:1      | Bought a +0 pair of boots for 58 gold pieces
  3729 | D:5      | Noticed Prince Ribbit
  3746 | D:5      | Killed Prince Ribbit
  4191 | D:5      | Identified a scroll of acquirement
  4191 | D:5      | Acquired 1260 gold pieces
  4217 | D:5      | Bought a +2 pair of gloves of dexterity for 322 gold pieces
  4251 | D:6      | Reached skill level 14 in Axes
  4251 | D:6      | Reached XP level 9. HP: 70/70 MP: 8/8
  4358 | D:6      | Found a hazy altar of Hepliaklqana.
  4358 | D:6      | Found a sacrificial altar of Ru.
  4358 | D:6      | Found an ornate altar of the Wu Jian Council.
  4643 | D:1      | Bought a +3 scale mail of willpower for 338 gold pieces
  5287 | D:6      | Reached skill level 15 in Axes
  5781 | D:7      | Reached skill level 16 in Axes
  5870 | D:7      | Reached XP level 10. HP: 39/77 MP: 9/9
  5872 | D:7      | Reached skill level 17 in Axes
  6722 | D:8      | Noticed Maurice
  6737 | D:8      | Killed Maurice
  6953 | D:8      | Noticed Joseph
  6965 | D:8      | Killed Joseph
  7130 | D:8      | Reached skill level 18 in Axes
  7161 | D:8      | Noticed Maggie
  7176 | D:8      | Killed Maggie
  7327 | D:8      | Reached skill level 5 in Fighting
  7327 | D:8      | Reached skill level 5 in Shields
  7457 | D:9      | Noticed a two-headed ogre
  7471 | D:9      | Killed a two-headed ogre
  7567 | D:9      | Found a shadowy altar of Dithmenos.
  7875 | D:9      | Noticed a two-headed ogre
  7885 | D:9      | Killed a two-headed ogre
  7886 | D:9      | Reached XP level 11. HP: 62/92 MP: 10/10
  8332 | D:10     | Entered Level 10 of the Dungeon
  8408 | D:10     | Found a shimmering blue altar of Sif Muna.
  8614 | D:10     | Noticed a boulder beetle
  8635 | D:10     | Killed a boulder beetle
  8904 | D:10     | Found a white marble altar of Elyvilon.
  9413 | D:10     | Reached skill level 10 in Fighting
  9413 | D:10     | Reached skill level 10 in Shields
  9538 | D:11     | Reached skill level 5 in Armour
  9584 | D:11     | Found Empiorchaqa's Weapon Shop.
  9584 | D:11     | Found a staircase to the Orcish Mines.
  9584 | D:11     | Noticed an orc knight
  9588 | D:11     | Noticed Snorg
  9607 | D:11     | Killed an orc knight
  9608 | D:11     | Reached XP level 12. HP: 36/110 MP: 11/11
  9616 | D:11     | Killed Snorg
  9745 | D:11     | Noticed jasper's ghost (journeyman SpEE)
  9750 | D:11     | Found a runed translucent door.
  9755 | D:11     | Noticed Lodul
  9776 | D:11     | Killed Lodul
  9837 | D:11     | Found a staircase to the Lair.
 10136 | D:11     | Killed jasper's ghost
 10169 | D:12     | Identified the staff of air "Xoti" {Drain rElec rF- rCorr
                  | Int+4 Stlth+}
 10206 | D:12     | Noticed olmar's ghost (journeyman AtFi)
 10225 | D:12     | Found a portal to a secret trove of treasure.
 10399 | D:12     | Found a runed translucent gate.
 10400 | D:12     | Found a runed translucent gate.
 10400 | D:12     | Found a runed translucent gate.
 10881 | D:12     | Noticed a boulder beetle
 10904 | D:12     | Killed a boulder beetle
 11245 | D:12     | Reached skill level 10 in Armour
 11310 | D:12     | Killed olmar's ghost
 11746 | D:13     | Noticed a two-headed ogre
 11756 | D:13     | Killed a two-headed ogre
 11798 | D:13     | Got the Atlas of Molten Outbursts
 11807 | D:13     | Noticed a boulder beetle
 11828 | D:13     | Killed a boulder beetle
 11829 | D:13     | Reached XP level 13. HP: 124/124 MP: 12/12
 12195 | D:13     | Bought a scroll of enchant armour for 217 gold pieces
 12250 | D:14     | Found Dafuuw's Specific Store.
 12252 | D:14     | Found Zicez's General Store.
 12257 | D:14     | Bought 2 potions of heal wounds for 100 gold pieces
 12354 | D:14     | Found a gate leading to a gauntlet.
 12365 | Gauntlet | Entered a Gauntlet
 12365 | Gauntlet | Found a transporter.
 12365 | Gauntlet | Found a transporter.
 12372 | Gauntlet | Found a transporter.
 12390 | Gauntlet | Found a transporter.
 12410 | Gauntlet | Found a transporter.
 12426 | Gauntlet | Found a transporter.
 12450 | Gauntlet | Found a transporter.
 12540 | Gauntlet | Found a transporter.
 12561 | Gauntlet | Noticed a quicksilver ooze
 12562 | Gauntlet | Found a transporter.
 12575 | Gauntlet | Found a transporter.
 12612 | Gauntlet | Found a transporter.
 12620 | Gauntlet | Found a transporter.
 12642 | Gauntlet | Found a transporter.
 12654 | Gauntlet | Found a transporter.
 12692 | Gauntlet | Found a transporter.
 12712 | Gauntlet | Found a transporter.
 12965 | Gauntlet | Identified an amulet of Qaptoopu {Acrobat rC- rN+ Regen+}
 13151 | Gauntlet | Identified the staff of poison "Puil" {rPois Str+7}
 13151 | Gauntlet | Identified the ring of Ruofo {EV+5 Dex+2}
 13151 | Gauntlet | Noticed a minotaur
 13166 | Gauntlet | Mangled by a minotaur

Illustrated notes

Levels and vault maps discovered:
D:1:      eino_arrival_cavern_a, layout_basic, serial_shops,
          nicolae_lakefront_shop
D:2:      layout_basic, shapermc_ecumenical_altar_mp_highgroup
D:3:      layout_loops_corners, serial_shops, shop
D:4:      layout_rooms, mainiacjoe_overflow_two_lobes, portal_sewer_entry_a,
          grunt_ministairs_5, uniq_pikel
D:5:      layout_gridville, mainiacjoe_overflow_24_doors,
          minmay_temple_entry_statues_fountains, nicolae_stop_n_shop_2,
          item_on_display_a, uniq_prince_ribbit1, uniq_grinder
D:6:      layout_loops_ring, gammafunk_temple_overflow_forgotten
D:7:      layout_layer_cave, grunt_ministairs_9,
          minmay_fractal_squares_diagonal_5
D:8:      layout_loops_ring, kennysheep_donut, uniq_joseph, uniq_maurice,
          uniq_maggie
D:9:      hellmonk_ruined_rings, layout_cave_pods,
          grunt_dithmenos_smoke_and_mirrors
D:10:     erik_cavepeople, layout_basic, nicolae_sif_muna_condensation,
          mainiacjoe_overflow_paths
D:11:     layout_rooms, erik_lair_island, orc_david_3,
          hellmonk_ghost_happy_afterlife, uniq_snorg, uniq_lodul
D:12:     layout_stronghold, gammafunk_ghost_icy,
          nicolae_trove_entry_free_sample, hex_large,
          dreamdust_princess_corridor
D:13:     layout_roguey, serial_glass, glass_columns_b, glass_columns_c,
          minmay_misc_feat_tiny
D:14:     layout_loops_ring, erik_vaults_1, gauntlet_entry_generic,
          hangedman_decor_push, nicolae_specific_store, drop_trap
Temple:   cyrus_circular_temple
Gauntlet: gammafunk_gauntlet_branching [gammafunk_gauntlet_arena_crates,
          gammafunk_gauntlet_arena_mazey, nicolae_gauntlet_arena_flowing_pool,
          gammafunk_gauntlet_arena_hedges, gammafunk_gauntlet_arena_teeth,
          gammafunk_gauntlet_arena_corners, nicolae_gauntlet_arena_blocks,
          nicolae_gauntlet_arena_quarters, dreamdust_gauntlet_exit_labyrinth]

Skill      XL: |  1  2  3  4  5  6  7  8  9 10 11 12 13 |
---------------+----------------------------------------+-----
Axes           | 3 4 5 6 7 9 11 14 16 18 | 18.0
Fighting       | 7 11 14 | 14.8
Shields        | 7 10 | 10.0
Armour         | 5 10 11 | 11.9

Action                     |  1- 3 |  4- 6 |  7- 9 | 10-12 | 13-15 || total
---------------------------+-------+-------+-------+-------+-------++-------
  Melee: War axe           |    57 |   179 |   260 |     4 |       ||   500
         Headbutt          |     9 |    25 |    51 |   115 |    22 ||   222
         Broad axe         |       |       |       |   510 |    81 ||   591
  Throw: Javelin           |       |       |     2 |     5 |       ||     7
         Boomerang         |       |       |       |    10 |       ||    10
 Invoke: Potion Petition   |       |       |     1 |     1 |     1 ||     3
         Call Merchant     |       |       |       |       |     1 ||     1
    Use: Potion            |     1 |       |       |     2 |       ||     3
         Scroll            |       |     6 |    16 |     8 |     3 ||    33
   Stab: Distracted        |       |       |       |     2 |       ||     2
 Armour: Scale mail        |    38 |    54 |   106 |   272 |    83 ||   553
  Dodge: Dodged            |    38 |    65 |    92 |   203 |    44 ||   442
         Repelled          |       |       |     2 |     6 |     2 ||    10
  Block: Buckler           |    10 |    38 |    48 |    10 |       ||   106
         Kite shield       |       |       |       |   285 |    68 ||   353
